Map: Old Republic LE

Players

Lukareon - Winner!

  • Race: Zerg Zerg
  • League: Diamond
  • Spawn Location: 7:00

HoldTheDoor

  • Race: Protoss Protoss
  • League: Diamond
  • Spawn Location: 1:00

VOD

Have the link to the VOD?

Description

Time

  • Played on: May 13, 2026, 12:34 p.m.
  • Length: 11:29
Show
View Real Time Build Order
Export as new Build Order

Lukareon Zerg - Winner!

Build Orders: Hatch First, Zergling Baneling 

Get SALT Encoding   

  12  0:01  Drone  
  13  0:13  Drone  
  14  0:17  Extractor  
  14  0:18  Drone  
  15  0:37  Hatchery  
  14  0:52  Spawning Pool  
  14  0:55  Extractor  
  12  1:01  Drone x2  
  14  1:13  Extractor  
  14  1:14  Drone  
  15  1:22  Overlord  
  15  1:40  Zergling x4  
  15  1:46  Zergling x2  
  18  1:50  Zergling x2  
  19  1:57  Metabolic Boost  
  19  2:00  Zergling x4  
  21  2:07  Zergling x2  
  22  2:08  Queen  
  24  2:16  Zergling x2  
  24  2:19  Zergling x2  
  26  2:25  Zergling x2  
  26  2:42  Extractor  
  25  2:47  Queen  
  27  2:56  Baneling Nest, Overlord  
  26  3:13  Zergling x2  
  27  3:22  Drone x2  
  27  3:23  Drone  
  30  3:39  Baneling x6  
  30  3:41  Baneling  
  30  3:44  Baneling  
  30  3:46  Baneling  
  30  3:49  Baneling  
  30  3:52  Baneling  
  30  3:54  Baneling  
  24  4:24  Zergling x2  
  24  4:25  Zergling x10  
  30  4:38  Zergling x2  
  30  4:39  Zergling x2  
  30  4:40  Zergling x2  
  30  5:01  Drone x2  
  30  5:02  Drone x2  
  31  5:34  Queen  
  33  5:36  Drone  
  33  5:37  Drone x2  
  31  5:59  Drone  
  31  6:00  Drone x3  
  35  6:05  Roach Warren  
  34  6:15  Lair  
  34  6:17  Spore Crawler  
  33  6:22  Overlord x3  
  33  6:28  Spore Crawler  
  32  6:46  Roach  
  36  6:47  Roach x5  
  44  7:04  Drone  
  44  7:05  Drone x7  
  52  7:13  Glial Reconstitution  
  52  7:15  Centrifugal Hooks  
  52  7:28  Extractor  
  51  7:31  Drone  
  51  7:32  Drone x6  
  58  7:38  Overlord  
  58  7:49  Overlord  
  58  7:50  Overlord  
  58  7:56  Pneumatized Carapace  
  58  7:57  Overseer  
  58  8:01  Roach x4  
  66  8:19  Zergling x2  
  67  8:22  Drone x3  
  70  8:29  Ravager x3  
  70  8:30  Ravager x3  
  70  8:33  Hatchery  
  70  8:34  Drone x4  
  79  8:45  Zergling x10  
  84  8:55  Baneling x6  
  84  9:01  Extractor  
  84  9:02  Overlord x4  
  83  9:09  Baneling  
  83  9:10  Baneling x9  
  83  9:38  Roach x3  
  86  9:56  Zergling x2  
  86  9:58  Roach x4  
  86  9:59  Roach x7  
  104  10:08  Zergling x10  
  109  10:18  Baneling x2  
  109  10:32  Zergling x2  
  109  10:33  Zergling x10  
  112  10:40  Zergling x2  
  112  10:42  Baneling x5  
  113  10:43  Baneling x5  
  113  10:45  Extractor  
  113  10:46  Extractor, Overlord x2  
  113  10:47  Overlord  
  111  10:51  Drone  
  111  10:52  Drone x5  
  111  10:53  Hatchery  
  116  10:59  Baneling  
  116  11:00  Baneling x10  
Show
View Real Time Build Order
Export as new Build Order

HoldTheDoor Protoss 

Build Orders:  

Get SALT Encoding   

  12  0:00  Probe  
  13  0:12  Probe  
  14  0:19  Pylon  
  14  0:24  Probe  
  15  0:33  Probe  
  15  0:39  Gateway  
  15  0:41  Probe  
  17  0:50  Assimilator  
  17  0:53  Probe  
  18  1:09  Forge, Probe  
  19  1:21  Probe  
  20  1:32  Cybernetics Core  
  20  1:39  Probe  
  21  1:41  Photon Cannon  
  21  1:51  Probe  
  22  2:02  Warp Gate  
  22  2:03  Probe  
  23  2:11  Nexus  
  23  2:18  Pylon  
  23  2:33  Stalker  
  23  2:36  Probe  
  26  2:41  Robotics Facility  
  26  2:48  Probe  
  27  2:53  Gateway  
  27  3:00  Stalker, Probe  
  30  3:12  Probe  
  31  3:19  Warp Prism  
  31  3:23  Probe  
  31  3:24  Probe  
  35  3:35  Probe  
  35  3:36  Probe  
  35  3:39  Gateway  
  37  3:44  Gateway  
  37  3:51  Gateway  
  37  4:03  Gateway  
  37  4:08  Gateway  
  37  4:13  Pylon  
  35  4:22  Zealot  
  23  4:36  Adept  
  23  4:47  Adept x3  
  27  4:58  Probe x2  
  27  5:01  Adept  
  29  5:10  Cybernetics Core, Probe  
  27  5:35  Zealot  
  27  5:36  Zealot  
  31  6:06  Pylon  
  31  6:08  Pylon  
  31  6:22  Nexus  
  31  6:29  Pylon  
  31  6:32  Sentry  
  31  6:33  Sentry  
  35  6:42  Probe  
  36  6:55  Immortal  
  40  7:06  Twilight Council  
  40  7:15  Zealot  
  40  7:19  Zealot  
  44  7:25  Zealot  
  44  7:29  Probe  
  47  7:37  Probe  
  47  7:39  Observer  
  47  7:42  Probe, Zealot  
  52  7:52  Pylon  
  52  7:55  Probe x2  
  54  8:07  Probe  
  54  8:11  Zealot x2  
  59  8:13  Probe  
  60  8:25  Probe x2  
  62  8:27  Zealot  
  62  8:29  Zealot  
  62  8:32  Sentry  
  68  8:38  Probe  
  68  8:39  Charge  
  68  8:40  Assimilator  
  69  8:44  Probe  
  70  9:03  Pylon  
  70  9:08  Assimilator  
  70  9:21  Probe x2  
  72  9:24  Immortal  
  72  9:29  Assimilator  
  76  9:33  Probe x2  
  78  9:50  Gateway  
  78  9:54  Probe x2  
  60  10:06  Probe  
  61  10:23  Zealot  
  61  10:24  Zealot x6  
  71  10:45  Zealot x3  
  77  10:53  Probe  
  78  10:59  Pylon  
  78  11:01  Pylon  
  78  11:05  Pylon  
  78  11:17  Zealot x6  
  78  11:18  Zealot x2  
Tags
 
Matchup
PvZ
Replay Pack
SC2Mai2026
Spawn Locations
Cross Positions
Add a new tag
Caveats
  • Supply blocks, unpowered buildings, or Contaminate may cause inaccurate times.
  • Supply counts are checked every 10 seconds.